 Dungeon Crawl Stone Soup version 0.29-a0-1061-gbc57f8fbdb (webtiles) character file.

Game seed: 1674840132963643290

164 Flugkiller the Trooper (level 5, -16/37 HPs)
             Began as an Octopode Cinder Acolyte on Aug 18, 2022.
             Was a High Priest of Ignis.
             Demolished by an ogre
             ... wielding a +0 giant club
              (27 damage)
             ... on level 3 of the Dungeon.
             The game lasted 00:03:02 (3119 turns).

Flugkiller the Trooper (Octopode Cinder Acolyte)    Turns: 3119, Time: 00:03:03

Health: -16/37     AC:  1    Str: 14    XL:     5   Next: 45%
Magic:  1/8        EV: 12    Int: 18    God:    Ignis [*****.]
Gold:   192        SH:  0    Dex:  7    Spells: 3/8 levels left

rFire   + . .      SeeInvis .   a - -1 spear (flame)
rCold   . . .      Faith    .   (no shield)
rNeg    . . .      Spirit   .   (helmet restricted)
rPois   .          Reflect  .   (no amulet)
rElec   .          Harm     .   (no ring)
rCorr   .          Rampage  .   (no ring)
Will    .....                   (no ring)
Stlth   +++.......              (no ring)
HPRegen 0.12/turn               (no ring)
MPRegen 0.11/turn               (no ring)
                                (no ring)
                                (no ring)

@: freezing walls, very slightly contaminated
A: almost no armour, amphibious, 8 rings, camouflage 1, gelatinous body 1,
(nimble swimmer 1), tentacles
a: Renounce Religion, Fiery Armour, Foxfire Swarm, Rising Flame


You were on level 3 of the Dungeon.
You worshipped Ignis.
Ignis was extremely pleased with you.
You visited 1 branch of the dungeon, and saw 3 of its levels.

You collected 192 gold pieces.

Inventory:

Hand Weapons
 a - a -1 spear of flaming (weapon)
Jewellery
 m - a ring of wizardry
   (You found it on level 3 of the Dungeon)
Wands
 p - a wand of roots (8)
   (You found it on level 3 of the Dungeon)
Scrolls
 f - a scroll of fear {unknown}
 g - a scroll of torment {unknown}
 h - a scroll of immolation {unknown}
 i - a scroll of enchant armour {unknown}
 j - a scroll of poison {unknown}
 k - 2 scrolls of brand weapon {unknown}
 o - a scroll of butterflies {unknown}
 t - 2 scrolls of teleportation
Potions
 b - a potion of heal wounds {unknown}
 c - 2 potions of mutation {unknown}
 d - 2 potions of invisibility {unknown}
 e - a potion of haste {unknown}
 l - a potion of brilliance {unknown}
 n - a potion of berserk rage {unknown}


   Skills:
 - Level 4.0 Fighting
 - Level 3.1 Polearms
 - Level 2.0 Stealth
 - Level 2.0 Spellcasting
 - Level 3.1 Fire Magic
 + Level 3.0 Ice Magic


You had 3 spell levels left.
You knew the following spells:

 Your Spells              Type           Power      Damage    Failure   Level
a - Scorch                Fire           26%        2d6       8%          2
b - Frozen Ramparts       Ice            24%        1d4       16%         3

Your spell library contained the following spells:

 Spells                   Type           Power      Damage    Failure   Level
 Conjure Flame            Conj/Fire      7%         6-21      28%         3
 Ignite Poison            Fire/Tmut/Pois 5%         N/A       34%         3
 Portal Projectile        Hex/Tloc       2%         N/A       47%         3
 Tukima's Dance           Hex            1%         N/A       47%         3
 Ice Form                 Ice/Tmut       7%         N/A       67%         4
 Sticky Flame             Conj/Fire      7%         2d3       67%         4
 Summon Ice Beast         Ice/Summ       7%         N/A       67%         4
 Blade Hands              Tmut           0%         N/A       99%         5


Dungeon Overview and Level Annotations

Branches:
Dungeon (3/15) Zot: 14880

Altars:
Uskayaw
Zin

Shops:
D:1 :

Annotations:
D:3 Grinder


Innate Abilities, Weirdness & Mutations

You cannot wear most types of armour.
You are amphibious.
You can wear up to eight rings at the same time.
Your skin changes colour to match your surroundings (Stealth+).
Your rubbery body absorbs attacks. (AC +1, EV +1)
((You are camouflaged when in or above water. (Stealth+)))
You have tentacles for arms and can constrict up to eight enemies at once.


Message History

Natasha, Servant of Life and Death comes into view.
Natasha hisses angrily.
Natasha moves out of view.
Natasha casts a spell at you.
You feel yourself slow down.
Natasha is nearby!
Natasha is nearby!
Casting: Frozen Ramparts (quite dangerous; 19% risk of failure)
Confirm with . or Enter, or press ? or * to list all spells.
The spell is quite dangerous to miscast (19% risk of failure)!
Continue anyway?
The walls around you are covered in ice.
The wall freezes Natasha. x2; Natasha claws you!
You closely miss Natasha. Your grab misses Natasha.
Natasha is moderately wounded.
The wall freezes Natasha.
Natasha stares at you and mumbles some strange words.
The magic dart hits you.
You barely miss Natasha. Your grab misses Natasha. Your squeeze misses Natasha.
Natasha is moderately wounded.
The wall freezes Natasha.
Natasha barely misses you.
The wall freezes Natasha.
Natasha barely misses you.
You hit Natasha. You burn Natasha. Your grab misses Natasha.
Natasha is almost dead.
The wall freezes Natasha.
You kill Natasha!
Natasha screams in fury as she dies!
Your Ice Magic skill increases to level 3!
Unknown command.
You start resting.
The frozen ramparts melt away.
You start resting.
You feel yourself speed up.
You start resting.
Magic restored.
You start resting.
Grinder is nearby!
You aren't carrying any items that you can evoke.
Unknown command.
Things that are here:
a +0 whip; 4 stones; a kobold corpse You start resting.
HP restored.
Found 4 poisoned darts.
You see here 4 poisoned darts.
o - a scroll labelled ITHRAI QIMPAIX
Found a stone staircase leading down.
p - a wand of roots (8)
A giant cockroach comes into view.
A giant cockroach is nearby!
You reach to attack!
You hit the giant cockroach but do no damage.
You closely miss the giant cockroach. You grab the giant cockroach.
You constrict the giant cockroach, but do no damage.
The giant cockroach waves its antennae.
The giant cockroach barely misses you.
You hit the giant cockroach but do no damage.
You constrict the giant cockroach. The giant cockroach closely misses you.
You hit the giant cockroach but do no damage.
The giant cockroach is moderately wounded.
You constrict the giant cockroach. The giant cockroach bites you.
You hit the giant cockroach. You burn the giant cockroach.
You kill the giant cockroach!
No target in view!
No target in view!
You now have 192 gold pieces (gained 6).
Grinder is nearby!
Grinder is nearby!
Found a glowing silver altar of Zin.
There is an open door here.
There is a glowing silver altar of Zin here.
There is an open door here.
An ogre comes into view. It is wielding a +0 giant club.
An ogre is nearby!
The ogre shouts!
Casting: Frozen Ramparts (quite dangerous; 16% risk of failure)
Confirm with . or Enter, or press ? or * to list all spells.
The spell is quite dangerous to miscast (16% risk of failure)!
Continue anyway?
The walls around you are covered in ice.
The wall freezes the ogre.
Casting: Frozen Ramparts (quite dangerous; 16% risk of failure)
Confirm with . or Enter, or press ? or * to list all spells.
You miscast Scorch.
You are very lightly contaminated with residual magic.
Nothing appears to happen.
The wall freezes the ogre.
Casting: Scorch (safe; 8% risk of failure)
Confirm with . or Enter, or press ? or * to list all spells.
Flames lash the ogre.
The ogre is severely wounded.
The ogre's fire resistance burns away.
The wall freezes the ogre.
The ogre hits you with a +0 giant club!!
Ouch! That really hurt!
* * * LOW HITPOINT WARNING * * *
You hit the ogre. You burn the ogre.
The ogre is almost dead.
You hit the ogre but do no damage.
The ogre is almost dead.
The wall freezes the ogre.
The ogre hits you with a +0 giant club!!
Ouch! That really hurt!
You die...

......#.# ##..#..
...###.###.#
...##.###
.....#####..##.# ##.
...# .#
#...##._.##.##.# #.
...# .
#....##'##...#.## #.
#### .
#...............# #.
#
#...8.....8...#.....
.
#..#..8.8...#...####
#. #..##.......##.##
#. # #..@O...###.#
.# #. #.######...##
.# #.
#.##...........# #.
#.##.###...##### #.
#.# ##.##########
#.# #.รท......## ..#
#######...## ###
##.....# #.......


You could see an ogre (combustible).

Vanquished Creatures
  Natasha (twice) (D:3)
  2 adders (D:2)
  4 dart slugs
  6 worms
  5 orcs (D:3)
  3 ball pythons
  5 endoplasms
  5 giant cockroaches
  5 goblins
  8 hobgoblins
  A quokka (D:1)
  8 bats
  3 frilled lizards
  5 kobolds
  3 rats
65 creatures vanquished.

Notes
Turn   | Place    | Note
-------+----------+-------------------------------------------
     0 | D:1      | Flugkiller the Octopode Cinder Acolyte began the quest for
                  | the Orb.
     0 | D:1      | Reached XP level 1. HP: 16/16 MP: 2/2
   116 | D:1      | Reached XP level 2. HP: 20/21 MP: 3/3
   254 | D:1      | Learned a level 2 spell: Scorch
   303 | D:1      | Reached XP level 3. HP: 27/27 MP: 4/4
   337 | D:1      | Reached skill level 1 in Stealth
   652 | D:1      | Found Riamett Rato's Vocational Training.
  1016 | D:2      | Found a hide-covered altar of Uskayaw.
  1097 | D:2      | Reached XP level 4. HP: 23/33 MP: 5/7
  1191 | D:2      | Learned a level 3 spell: Frozen Ramparts
  1400 | D:2      | Reached skill level 4 in Fighting
  1405 | D:2      | Reached skill level 1 in Ice Magic
  1582 | D:2      | Found a faded altar of an unknown god.
  1830 | D:2      | You fall into a shaft and drop 1 floor!
  2170 | D:3      | Noticed Natasha
  2180 | D:3      | Killed Natasha
  2181 | D:3      | Reached XP level 5. HP: 20/37 MP: 4/8
  2332 | D:3      | Noticed Grinder
  2336 | D:3      | Paralysed by Grinder for 2 turns
  2840 | D:3      | Noticed Natasha
  2846 | D:3      | Killed Natasha
  3098 | D:3      | Found a glowing silver altar of Zin.
  3107 | D:3      | Noticed an ogre
  3119 | D:3      | Demolished by an ogre

Illustrated notes

Levels and vault maps discovered:
D:1:      dpeg_arrival_water_temple_mockup, layout_basic,
          nicolae_shop_vocational
D:2:      layout_basic, basic_altar, dilly_ecumenical_altar_fadedgnrine,
          corexii_corridor_pit, minmay_pentomino_z2
D:3:      layout_loops_ring, zin_statuary, uniq_natasha, uniq_grinder

Skill      XL: |  1  2  3  4  5 |
---------------+----------------+-----
Stealth        | 2 |  2.0
Spellcasting   | 2 |  2.0
Fighting       | 4 |  4.0
Ice Magic      | 2 3 |  3.0
Polearms       | |  3.1
Fire Magic     | |  3.1

Action                   |  1- 3 |  4- 6 || total
-------------------------+-------+-------++-------
Melee: Spear             |   115 |    72 ||   187
       Constrict         |    23 |    15 ||    38
       Tentacles         |     7 |    14 ||    21
 Cast: Scorch            |       |     4 ||     4
       Frozen Ramparts   |       |     3 ||     3
  Use: Scroll            |       |     2 ||     2
 Stab: Sleeping          |     8 |     7 ||    15
       Distracted        |       |     1 ||     1
Armor: Skin              |    11 |     2 ||    13
Dodge: Dodged            |    51 |    24 ||    75

Table legend: (Time is in decaauts)
 A = Elapsed time spent in this place.
 B = Non-inter-level travel time spent in this place.
 C = Inter-level travel time spent in this place.
 D = Time resting spent in this place.
 E = Time spent auto-exploring this place.
 F = Levels seen in this place.
 G = Mean time per level.
                   A        B        C        D        E       F      G
               +--------+--------+--------+--------+--------+-----+--------+
         Total |   3118 |   3082 |     36 |   1062 |   1467 |   3 | 1039.3 |
       Dungeon |   3118 |   3082 |     36 |   1062 |   1467 |   3 | 1039.3 |
               +--------+--------+--------+--------+--------+-----+--------+

Top non-repeatable levels by time:
     D:2: 1270 daAuts
     D:1: 984 daAuts
     D:3: 863 daAuts
